 Dungeon Crawl Stone Soup version 0.30-b1-2-g02819fbbbe (webtiles) character file.

Game seed: 2792746667084751740

16302 LLlMATKO the Cleaver (level 12, -29/168 HPs)
             Began as a Minotaur Berserker on May 7, 2023.
             Was a High Priest of Trog.
             Annihilated by a reaper
             ... wielding a +1 scythe of freezing
              (36 damage)
             ... in an ice cave.
             The game lasted 00:13:44 (12462 turns).

LLlMATKO the Cleaver (Minotaur Berserker)          Turns: 12462, Time: 00:13:45

Health: -29/168    AC: 22    Str: 23    XL:     12   Next: 8%
Magic:  11/11      EV: 11    Int:  4    God:    Trog [*****.]
Gold:   844        SH:  0    Dex: 14    Spells: 11/11 levels left

rFire   x . .        w - +1 broad axe (flame)
rCold   + + .        (no shield)
rNeg    . . .        P - +0 plate armour {rC+}
rPois   .            s - +2 hat {Stlth+}
rElec   .            x - +0 cloak
rCorr   .            e - +2 pair of gloves
SInv    .            (no boots)
Will    +....        (no amulet) Stlth
                     j - ring of ice
HPRegen 0.48/turn    M - ring of willpower
MPRegen 0.12/turn

%: no passive effects
@: berserking (expiring), very quick
A: horns 2, retaliatory headbutt
a: Renounce Religion, Berserk, Trog's Hand, Brothers in Arms


You were in an ice cave.
You worshipped Trog.
Trog was extremely pleased with you.
You visited 1 branch of the dungeon, and saw 12 of its levels.
You also visited: Ice Cave.

You collected 844 gold pieces.

Inventory:

Hand Weapons
 q - a +1 sling of flaming
 w - a +1 broad axe of flaming (weapon)
 O - a +2 hand axe of flaming
Missiles
 a - 2 silver boomerangs
 t - a boomerang (quivered)
 u - 15 poisoned darts
Armour
 e - a +2 pair of gloves (worn)
 s - a +2 hat of stealth (worn)
 x - a +0 cloak (worn)
 P - a +0 plate armour of cold resistance (worn)
Jewellery
 i - a ring of resist corrosion
 j - a ring of ice (left hand)
 C - a ring of see invisible
 G - a ring of positive energy
 J - a ring of ice
 M - a ring of willpower (right hand)
Wands
 y - a wand of charming (17)
 B - a wand of roots (37)
 E - a wand of flame (20)
 N - a wand of polymorph (4)
Scrolls
 b - 8 scrolls of teleportation {unknown}
 c - 9 scrolls of identify {unknown}
 d - 2 scrolls of immolation {unknown}
 f - 2 scrolls of fear {unknown}
 g - a scroll of brand weapon {unknown}
 k - 3 scrolls of magic mapping {unknown}
 l - 4 scrolls of poison {unknown}
 m - 2 scrolls of blinking {unknown}
 o - a scroll of fog {unknown}
 D - a scroll of torment {unknown}
 K - 2 scrolls of vulnerability {unknown}
Potions
 h - 3 potions of lignification {unknown}
 n - 2 potions of attraction {unknown}
 p - 7 potions of heal wounds {unknown}
 r - 3 potions of brilliance {unknown}
 v - a potion of mutation {unknown}
 z - 2 potions of haste {unknown}
 A - 2 potions of degeneration {unknown}
 F - a potion of flight {unknown}
 H - 2 potions of curing {unknown}
 L - 2 potions of might {unknown}


   Skills:
 + Level 12.1 Fighting
 + Level 12.1 Axes
 + Level 4.9 Ranged Weapons
 + Level 11.8 Armour
 + Level 10.9 Dodging


You had 11 spell levels left.
You didn't know any spells.
Your spell library was empty.

Dungeon Overview and Level Annotations

Branches:
Dungeon (12/15)            Temple (0/1) D:4            Lair (0/5) D:8
    Orc (0/2) D:11          IceCv (1/1)

Altars:
Cheibriados
Dithmenos
Gozag
Hepliaklqana
Kikubaaqudgha
Makhleb
Okawaru
Qazlal
Sif Muna
Trog
Uskayaw
Vehumet
Wu Jian
Xom

Shops:
D:1 *

Annotations:
D:9 4 runed translucent doors, kSektR's ghost, journeyman TrBe
D:10 1 runed translucent door, Dirihyb's ghost, novice GrFi


Innate Abilities, Weirdness & Mutations

You have a pair of horns on your head.
You reflexively headbutt those who attack you in melee.


Message History

The anaconda simulacrum bites you but does no damage.
Unknown command.
You closely miss the anaconda simulacrum.
The anaconda simulacrum is severely damaged.
The anaconda simulacrum misses you. The anaconda simulacrum bites you.
The anaconda simulacrum freezes you! You resist.
The anaconda simulacrum grabs you. The anaconda simulacrum bites you.
The anaconda simulacrum freezes you. You resist.
* * * LOW HITPOINT WARNING * * *
The anaconda simulacrum constricts you.
A red film seems to cover your vision as you go berserk!
You feel yourself moving faster!
You feel mighty!
The anaconda simulacrum barely misses you.
The anaconda simulacrum constricts you.
You barely miss the anaconda simulacrum.
The anaconda simulacrum is severely damaged.
The anaconda simulacrum bites you but does no damage.
The anaconda simulacrum constricts you.
You slice the anaconda simulacrum!!
You melt the anaconda simulacrum.
The anaconda simulacrum vaporises!
Trog accepts your kill. The troll simulacrum bites you.
* * * LOW HITPOINT WARNING * * *
The troll simulacrum freezes you. You resist.
* * * LOW HITPOINT WARNING * * *
The troll simulacrum completely misses you.
The troll simulacrum closely misses you.
You slash the troll simulacrum!
You melt the troll simulacrum.
You headbutt the troll simulacrum.
The troll simulacrum vaporises!
Trog accepts your kill.
The reaper hits you from afar with a +1 scythe of freezing!!
* * * LOW HITPOINT WARNING * * *
The reaper freezes you.
* * * LOW HITPOINT WARNING * * *
You feel a strong urge to attack something.
You slash the reaper! You burn the reaper.
The reaper is lightly wounded.
The reaper hits you with a +1 scythe of freezing!!!
You die...

## #.##
####.Z.# #
#.#ZZZ.#$[ .##
##2#.2....#
##.# ##○#.Z#
##..# #2##.##
#...##
##@#####
#....##
##.#..##
##.....#
#(.....#
#...#..##
#.⌠.##.##
##..###..#
#[..##..#
#..##
##.####.####.#
#.## #..#
#####..# #.##
#..## ##...###
##.# ##..#
#...#..#


You could see a reaper.

Vanquished Creatures
  2 boulder beetles
  3 two-headed ogres
  Pikel (D:5)
  A cyclops (D:11)
  An ice statue (IceCv)
  A gargoyle (D:11)
  Maggie (D:7)
  A komodo dragon (D:10)
  3 anaconda simulacra (IceCv)
  A hornet (D:9)
  3 trolls
  4 dream sheep (D:7)
  2 shadows
  3 wyverns
  18 yaks
  A dire elephant simulacrum (IceCv)
  2 wraiths
  A steam dragon (D:6)
  2 harpy simulacra (IceCv)
  2 wargs (D:8)
  A water moccasin (D:7)
  4 black bears
  3 sky beasts (D:7)
  4 orc warriors
  4 ogres
  2 kobold brigands
  A lemure (D:5)
  7 two-headed ogre simulacra (IceCv)
  A cane toad simulacrum (IceCv)
  3 scorpions
  4 bullfrogs
  3 wights (D:6)
  3 elephant simulacra (IceCv)
  5 killer bees (D:9)
  9 howler monkeys
  A crimson imp (D:5)
  2 hounds (D:5)
  A jelly (D:4)
  7 orc priests
  3 gnoll boudas
  4 iguanas
  12 orc wizards
  2 polar bear simulacra (IceCv)
  4 troll simulacra (IceCv)
  6 spriggan simulacra (IceCv)
  A wolf simulacrum (IceCv)
  7 adders
  6 gnolls (D:4)
  4 naga simulacra (IceCv)
  2 shadow imps (D:5)
  9 white imps
  10 ufetubi
  2 dart slugs
  38 orcs
  7 bats
  8 endoplasms
  5 giant cockroaches
  5 goblins
  10 hobgoblins
  5 quokkas
  4 ball pythons
  3 frilled lizards
  16 kobolds
  5 rats
296 creatures vanquished.

Notes
Turn   | Place    | Note
-------+----------+-------------------------------------------
     0 | D:1      | LLlMATKO the Minotaur Berserker began the quest for the
                  | Orb.
     0 | D:1      | Reached XP level 1. HP: 19/19 MP: 0/0
    77 | D:1      | Found Dobi Uni's Assorted Antiques.
   203 | D:1      | Reached XP level 2. HP: 27/27 MP: 1/1
   206 | D:1      | You fall into a shaft and drop 1 floor!
   499 | D:2      | Reached XP level 3. HP: 33/33 MP: 2/2
  1039 | D:1      | Reached ** piety under Trog
  1198 | D:2      | Identified the +1 leather armour of the Bouncing Invaders
                  | {rElec rCorr Slay-6 SInv}
  1388 | D:2      | Reached XP level 4. HP: 40/40 MP: 3/3
  1838 | D:3      | Found a shadowy altar of Dithmenos.
  1839 | D:3      | Identified the +5 short sword of Allimila {elec, *Rage
                  | rElec Str+2}
  2046 | D:3      | Found a snail-covered altar of Cheibriados.
  2174 | D:3      | Found a hazy altar of Hepliaklqana.
  2420 | D:4      | Reached XP level 5. HP: 47/47 MP: 4/4
  2474 | D:4      | Reached skill level 5 in Axes
  2479 | D:4      | Reached skill level 5 in Fighting
  2599 | D:4      | Found a radiant altar of Vehumet.
  2618 | D:4      | Reached XP level 6. HP: 56/56 MP: 5/5
  2970 | D:4      | Found a hide-covered altar of Uskayaw.
  3010 | D:4      | Found an ancient bone altar of Kikubaaqudgha.
  3011 | D:4      | Found a shimmering blue altar of Sif Muna.
  3070 | D:4      | Found a stormy altar of Qazlal.
  3134 | D:4      | Found a staircase to the Ecumenical Temple.
  3213 | D:4      | Reached skill level 5 in Armour
  3213 | D:4      | Reached XP level 7. HP: 50/62 MP: 6/6
  3391 | D:5      | Entered Level 5 of the Dungeon
  3636 | D:5      | Reached skill level 5 in Dodging
  3749 | D:5      | Found a burning altar of Makhleb.
  3749 | D:5      | Found a shimmering altar of Xom.
  3935 | D:5      | Reached *** piety under Trog
  3941 | D:5      | Found an ornate altar of the Wu Jian Council.
  4052 | D:5      | Noticed Pikel
  4068 | D:5      | Killed Pikel
  4069 | D:5      | Reached XP level 8. HP: 73/73 MP: 7/7
  4209 | D:5      | Identified the +1 dagger of the Irksome God {elec, rC+ rN+
                  | Stlth+}
  5227 | D:6      | Reached XP level 9. HP: 81/81 MP: 8/8
  6194 | D:7      | Noticed Maggie
  6209 | D:7      | Killed Maggie
  6210 | D:7      | Reached XP level 10. HP: 72/91 MP: 9/9
  6892 | D:8      | Found a staircase to the Lair.
  6898 | D:8      | Reached **** piety under Trog
  7215 | D:8      | Noticed a two-headed ogre
  7223 | D:8      | Killed a two-headed ogre
  7224 | D:8      | Reached skill level 10 in Fighting
  7224 | D:8      | Reached skill level 10 in Axes
  7849 | D:9      | Noticed a two-headed ogre
  7861 | D:9      | Killed a two-headed ogre
  7862 | D:9      | Reached skill level 10 in Armour
  8105 | D:9      | Paralysed by a hornet for 1 turns
  8172 | D:9      | Found a runed translucent gate.
  8172 | D:9      | Found a runed translucent gate.
  8172 | D:9      | Found a runed translucent gate.
  8172 | D:9      | Noticed kSektR's ghost (journeyman TrBe)
  8172 | D:9      | Noticed a spectral centaur warrior
  8172 | D:9      | Noticed a spectral centaur warrior
  8172 | D:9      | Noticed a spectral centaur warrior
  8203 | D:9      | Reached XP level 11. HP: 101/101 MP: 10/10
  8658 | D:9      | Found a runed translucent door.
  8658 | D:9      | Noticed a boulder beetle
  8673 | D:9      | Killed a boulder beetle
  8674 | D:9      | Reached skill level 1 in Ranged Weapons
  9002 | D:9      | Found an iron altar of Okawaru.
  9207 | D:9      | Reached skill level 10 in Dodging
  9396 | D:9      | Noticed a boulder beetle
  9466 | D:10     | Entered Level 10 of the Dungeon
  9634 | D:10     | Found a bloodstained altar of Trog.
  9798 | D:10     | Found a runed translucent door.
  9798 | D:10     | Found a shimmering altar of Xom.
  9798 | D:10     | Noticed Dirihyb's ghost (novice GrFi)
  9799 | D:10     | Noticed a +0 war axe of chaos
 10031 | D:10     | Found an opulent altar of Gozag.
 10563 | D:11     | Noticed a two-headed ogre
 10568 | D:11     | Killed a two-headed ogre
 10589 | D:11     | Found a staircase to the Orcish Mines.
 10855 | D:11     | Noticed a boulder beetle
 10867 | D:11     | Killed a boulder beetle
 11481 | D:12     | Found a frozen archway.
 11489 | IceCv    | Entered an ice cave
 11818 | IceCv    | Reached ***** piety under Trog
 12203 | IceCv    | Received a gift from Trog
 12318 | IceCv    | Reached XP level 12. HP: 101/112 MP: 11/11
 12439 | IceCv    | Noticed a reaper
 12458 | IceCv    | HP: 6/168 [reaper/+1 scythe of freezing (4)]
 12462 | IceCv    | Annihilated by a reaper

Illustrated notes

Levels and vault maps discovered:
D:1:      sevenhm_arrival_forest_fort_small_6, layout_loops_ring, serial_shops,
          nicolae_shop_behind_doors
D:2:      layout_loops_ring, minivault_26, moated_statue, patterned_corridor
D:3:      layout_loops_ring, nicolae_overflow_crystal_walls,
          nicolae_dithmenos_the_darkroom, marbit_many_paths, serial_glass,
          glass_columns_b, glass_columns_a, minivault_19
D:4:      layout_cave_pools, grunt_temple_overflow_magic_moments,
          mainiacjoe_overflow_catwalk,
          mainiacjoe_overflow_concentric_impassable, temple_fountains,
          hangedman_minor_gate_pass
D:5:      layout_basic, grunt_temple_overflow_champion_of_chaos,
          overflow_temple_1_default, minmay_misc_feat_five, uniq_pikel
D:6:      layout_loops_corners, hangedman_abyss_or_decor_lesser_grid
D:7:      minmay_angry_zag, layout_basic, dreamdust_gnoll_shepherd, uniq_maggie
D:8:      layout_loops_ring, erik_lair_orcish_takeover, lightli_orcish_oven
D:9:      layout_basic, mainiacjoe_overflow_cross_hatched,
          gammafunk_ghost_necromancy, minivault_13
D:10:     layout_basic, overflow_temple_1_default, amcnicky_altar_gilded,
          serial_rivers, chequers_serial_rivers_marsh,
          chequers_serial_rivers_large_a, chequers_serial_rivers_micro_a,
          chequers_serial_rivers_small_b, ebering_ghost_xom,
          corexii_hall_statues_s
D:11:     layout_loops_ring, david_orc_2
D:12:     layout_cave_pools, portal_ice_cave_entry_pillars_2, uniq_urug
IceCv:    ice_cave_caverns_01

Skill      XL: |  1  2  3  4  5  6  7  8  9 10 11 |
---------------+----------------------------------+-----
Fighting       | 4 5 7 8 9 10 12 | 12.1
Axes           | 4 5 7 8 9 10 12 | 12.1
Armour         | 3 4 5 6 7 8 10 11 | 11.8
Dodging        | 3 4 6 8 9 10 | 10.9
Ranged Weapons | 4 |  4.9

Action                     |  1- 3 |  4- 6 |  7- 9 | 10-12 || total
---------------------------+-------+-------+-------+-------++-------
  Melee: Hand axe          |   109 |    33 |       |       ||   142
         Headbutt          |    14 |    11 |    36 |    72 ||   133
         War axe           |       |    80 |   199 |       ||   279
         Halberd           |       |     1 |       |       ||     1
         Punch             |       |       |     1 |     5 ||     6
         Broad axe         |       |       |       |   320 ||   320
   Fire: Sling             |       |       |       |    76 ||    76
  Throw: Boomerang         |       |       |       |     1 ||     1
 Invoke: Berserk           |     1 |     3 |     5 |     9 ||    18
 Armour: Plate armour      |    66 |    84 |   138 |   198 ||   486
         Animal skin       |     1 |       |       |       ||     1
  Dodge: Dodged            |    37 |    49 |    85 |   184 ||   355
